 Dungeon Crawl Stone Soup version 0.30-a0-1116-gebefce21f7 (webtiles) character file.

Game seed: 15198700979160196629

208 kae the Chopper (level 5, -1/45 HPs)
             Began as a Hill Orc Fighter on Apr 21, 2023.
             Slain by Robin
             ... wielding a +0 dagger
              (2 damage)
             ... on level 2 of the Dungeon.
             The game lasted 00:01:47 (1100 turns).

kae the Chopper (Hill Orc Fighter)                  Turns: 1100, Time: 00:01:48

Health: -1/45      AC:  6    Str: 21    XL:     5   Next: 86%
Magic:  5/5        EV:  9    Int:  8    God:
Gold:   35         SH:  4    Dex: 10    Spells: 4/4 levels left

rFire   . . .      SeeInvis .    a - +0 war axe
rCold   . . .      Faith    .    c - +0 buckler
rNeg    . . .      Spirit   .    b - +0 scale mail
rPois   .          Reflect  .    (no helmet)
rElec   .          Rampage  .    (no cloak)
rCorr   .                        (no gloves)
Will    .....                    (no boots) Stlth
                                 (no amulet)
HPRegen 0.27/turn                (no ring)
MPRegen 0.09/turn                (no ring)

@: no status effects
A: no striking features
a: no special abilities


You were on level 2 of the Dungeon.
You visited 1 branch of the dungeon, and saw 2 of its levels.

You collected 35 gold pieces.


   Skills:
 - Level 3.6 Fighting
 + Level 7.8 Axes
 - Level 3.2 Armour
 - Level 3.2 Shields


You had 4 spell levels left.
You didn't know any spells.
Your spell library was empty.

Inventory:

Hand Weapons
 a - a +0 war axe (weapon)
Missiles
 e - 35 stones (quivered)
Armour
 b - a +0 scale mail (worn)
 c - a +0 buckler (worn)
Jewellery
 W - a ring of magical power
   (You found it on level 1 of the Dungeon)
Potions
 d - 2 potions of might

Dungeon Overview and Level Annotations

Branches:
Dungeon (2/15) Zot: 10869

Altars:

Shops:
D:1 (

Annotations:
D:2 Robin

#.# #.# .## #.# ###. ..#
. #.# .#.#..# #. #.#
.#..### #.# #.#####
#..#..# #.[
#..>..###.#..####..
####.##)..<##.....#.#..#
#...g.g@......8.8.....##
..##g##.g..##.)...#?#..#
# ##.#.###.#..# #..
#.#.# #..#..# #..
#.#.##.#..#####.#
#.#.#.#.#..##.#.#
#.#.###....##...# #..##
#...####..# ...#.#.#...


You could see Robin, a hobgoblin (strong) and 2 goblins.


Message History

Sigmund gestures at you while chanting. The puff of flame hits you!
Sigmund hits you with a +0 scythe!
* * * LOW HITPOINT WARNING * * *
😨 HP[-16]
You take 16 damage, and now have 13/31 hp.
MASSIVE DAMAGE!! (PAUSE)
You hit Sigmund but do no damage. Sigmund hits you with a +0 scythe!
* * * LOW HITPOINT WARNING * * *
A goblin comes into view. It is wielding a +0 dagger. 😱 HP[-7]
You take 7 damage, and now have 6/31 hp.
MASSIVE DAMAGE!! (PAUSE)
You closely miss Sigmund.
Sigmund points at you and mumbles some strange words.
The puff of flame hits you but does no damage. 😱 HP[+1]
You completely miss Sigmund.
A hobgoblin comes into view.
Sigmund looks at you with fury. Sigmund hits you but does no damage.
Unknown command.
It was a potion of curing.
You feel better.
Sigmund points at you and mumbles some strange words.
The magic dart hits you.
* * * LOW HITPOINT WARNING * * *
It was a potion of lignification.
You turn into a tree.
Your +0 scale mail melds into your body.
Your roots penetrate the ground.
The goblin hits you but does no damage.
Sigmund hits you but does no damage. 😱 HP[+4]
You now have 46 max hp (+15).
You regained 4 hp, and now have 11/46 hp.
You slash Sigmund! You barely miss the goblin.
The hobgoblin hits you but does no damage.
The goblin barely misses you. Sigmund hits you but does no damage.
You closely miss Sigmund. You hit the hobgoblin. You hit the goblin.
You kill the goblin!
A goblin comes into view. It is wielding a +0 dagger.
Sigmund hits you with a +0 scythe.
* * * LOW HITPOINT WARNING * * *
😱 HP[-1]
You take 1 damage, and now have 10/46 hp.
You barely miss Sigmund. You closely miss the hobgoblin.
The hobgoblin hits you but does no damage.
You barely miss Sigmund. You hit the hobgoblin.
You kill the hobgoblin!
Sigmund hits you with a +0 scythe!
* * * LOW HITPOINT WARNING * * *
😱 HP[-7]
You take 7 damage, and now have 3/46 hp.
You slash Sigmund!
You kill Sigmund!
You barely miss the goblin.
A hobgoblin comes into view.
You block the goblin's attack.
Your Axes skill gained 2 levels and is now at level 7!
You have reached level 4!
You have reached level 5!
You feel stronger. 😱 HP[+1] MP[+2]
You now have 67 max hp (+21).
Your mp is fully restored (5).
You hit the goblin.
You kill the goblin! 😱 HP[+1]
You cannot move.
Robin of the Strong Arm comes into view.
They are wielding a +0 dagger.
It was a potion of cancellation.
Your magical effects are unravelling.
You feel magically purged.
You feel less wooden.
Your +0 scale mail unmelds from your body.
Robin shouts!
Robin roars a battlecry!
The hobgoblin goes into a battle-frenzy! 😱 HP[-1]
You now have 45 max hp (-22).
Unknown command.
Okay, then.
You barely miss the hobgoblin. The hobgoblin hits you.
* * * LOW HITPOINT WARNING * * *
Robin says, "My goblins will feast on your bones." 😱 HP[-1]
You take 1 damage, and now have 3/45 hp.
You completely miss the hobgoblin.
A goblin comes into view. It is wielding a +0 dagger.
Robin roars a battlecry!
The goblin goes into a battle-frenzy!
You hear a shout!
The hobgoblin barely misses you.
Things that are here:
a +0 scythe; a +2 robe of fire resistance You slash Robin!
You hit the hobgoblin but do no damage. The hobgoblin barely misses you.
You block Robin's attack. 😱 HP[+1]
You closely miss Robin. You closely miss the hobgoblin. The hobgoblin hits you.
* * * LOW HITPOINT WARNING * * *
Robin closely misses you.
A goblin comes into view. It is wielding a +0 dagger.
Robin hits you with a +0 dagger.
You die...

Skill      XL: |  1  2  3 |
---------------+----------+-----
Axes           | 3 4 7 |  7.8
Fighting       | |  3.6
Armour         | |  3.2
Shields        | |  3.2

Action                     |  1- 3 |  4- 6 || total
---------------------------+-------+-------++-------
  Melee: War axe           |    78 |     5 ||    83
    Use: Potion            |     2 |     1 ||     3
         Scroll            |     2 |       ||     2
 Armour: Scale mail        |    40 |       ||    40
         Skin              |     5 |       ||     5
  Dodge: Dodged            |    31 |     3 ||    34
  Block: Buckler           |    18 |     1 ||    19

Levels and vault maps discovered:
D:1:      dpeg_arrival_radiant, layout_basic, serial_shops, shop,
          minmay_misc_feat_four_crosses, chequers_serial_rivers_small_b,
          nrook_mini_vaults
D:2:      wad_crossroads, layout_loops_ring, uniq_sigmund,
          uniq_crazy_yiuf_cottage, uniq_robin

Notes
Turn   | Place    | Note
-------+----------+-------------------------------------------
     0 | D:1      | kae the Hill Orc Fighter began the quest for the Orb.
     0 | D:1      | Reached XP level 1. HP: 19/19 MP: 1/1
     0 | D:1      | magus.rc [v1.11.3]
    64 | D:1      | Reached skill level 3 in Axes
   175 | D:1      | Reached XP level 2. HP: 25/26 MP: 2/2
   268 | D:1      | Reached skill level 4 in Axes
   352 | D:1      | Found Diott's Antique Weapon Emporium.
   449 | D:1      | Reached XP level 3. HP: 11/31 MP: 3/3
   873 | D:2      | Reached skill level 5 in Axes
   879 | D:2      | Noticed Sigmund
  1083 | D:2      | HP: 6/31 [Sigmund/+0 scythe (7)]
  1089 | D:2      | HP: 10/46 [Sigmund/+0 scythe (2)]
  1091 | D:2      | HP: 3/46 [Sigmund/+0 scythe (8)]
  1092 | D:2      | Killed Sigmund
  1093 | D:2      | Reached skill level 7 in Axes
  1093 | D:2      | Reached XP level 4. HP: 4/39 MP: 4/4
  1093 | D:2      | Reached XP level 5. HP: 4/45 MP: 5/5
  1094 | D:2      | Noticed Robin
  1096 | D:2      | HP: 3/45 [hobgoblin[Robin] (1)]
  1100 | D:2      | HP: 1/45 [hobgoblin[Robin] (3)]
  1100 | D:2      | Slain by Robin

Vanquished Creatures
  Sigmund (D:2)
  A dart slug (D:2)
  3 ball pythons (D:1)
  2 endoplasms (D:1)
  3 giant cockroaches
  6 goblins
  2 hobgoblins
  4 jackals (D:1)
  6 kobolds
  A quokka (D:2)
  A bat (D:1)
  3 frilled lizards
  3 rats
36 creatures vanquished.

Table legend:
 A = Non-vault XP
 B = Vault XP
 C = Vault XP percentage of total XP
 D = Non-vault monster count
 E = Vault monster count
 F = Vault count percentage of total count
                 A         B        C        D         E       F
            +---------+---------+-------+---------+---------+-------
      Total |      53 |     245 |  82.2 |      31 |       5 |  13.9
            +---------+---------+-------+---------+---------+-------
        D:1 |      43 |       0 |   0.0 |      26 |       0 |   0.0
        D:2 |      10 |     245 |  96.1 |       5 |       5 |  50.0
            +---------+---------+-------+---------+---------+-------

Illustrated notes

Table legend:
 A = Kills in this place as a percentage of kills in the entire game.
 B = Kills by you in this place as a percentage of kills by you in the entire game.
 C = Kills by friends in this place as a percentage of kills by friends in the entire game.
 D = Other kills in this place as a percentage of other kills in the entire game.
 E = Experience gained in this place as a percentage of experience gained in the entire game.
 F = Experience gained in this place divided by the number of levels of this place that you have seen.
                   A       B       C       D       E      F
               +-------+-------+-------+-------+-------+----------------------
         Total | 100.0 | 100.0 |   N/A |   N/A | 100.0 | 149.0
       Dungeon | 100.0 | 100.0 |   N/A |   N/A | 100.0 | 149.0
               +-------+-------+-------+-------+-------+----------------------

Table legend: (Time is in decaauts)
 A = Elapsed time spent in this place.
 B = Non-inter-level travel time spent in this place.
 C = Inter-level travel time spent in this place.
 D = Time resting spent in this place.
 E = Time spent auto-exploring this place.
 F = Levels seen in this place.
 G = Mean time per level.
                   A        B        C        D        E       F      G
               +--------+--------+--------+--------+--------+-----+--------+
         Total |   1128 |   1059 |     69 |    138 |    658 |   2 |  564.0 |
       Dungeon |   1128 |   1059 |     69 |    138 |    658 |   2 |  564.0 |
               +--------+--------+--------+--------+--------+-----+--------+

Top non-repeatable levels by time:
     D:1: 879 daAuts
     D:2: 249 daAuts
